Map: Korhal Carnage Knockout LE

Players

Fropez

  • Race: Protoss Protoss
  • League: Silver
  • Spawn Location: 12:00

Jibril - Winner!

  • Race: Protoss Protoss
  • League: Silver
  • Spawn Location: 6:00

VOD

Have the link to the VOD?

Description

Time

  • Played on: April 25, 2016, 6:51 p.m.
  • Length: 8:49
Show
View Real Time Build Order
Export as new Build Order

Fropez Protoss 

Build Orders:  

Get SALT Encoding   

  12  0:01  Probe (Chrono Boost)  
  13  0:15  Pylon  
  13  0:19  Probe (Chrono Boost)  
  14  0:33  Gateway  
  14  0:52  Assimilator  
  14  0:55  Pylon, Probe (Chrono Boost)  
  15  1:20  Cybernetics Core  
  15  1:25  Assimilator  
  15  1:27  Probe (Chrono Boost)  
  16  1:33  Gateway  
  17  1:40  Probe (Chrono Boost)  
  18  1:57  Mothership Core (Chrono Boost)  
  19  2:06  Warp Gate (Chrono Boost)  
  19  2:16  Probe  
  19  2:19  Pylon  
  20  2:28  Probe  
  21  2:40  Probe  
  22  2:50  Stalker  
  24  2:52  Probe  
  24  2:54  Stalker  
  27  3:01  Pylon  
  27  3:04  Probe  
  28  3:20  Stalker  
  28  3:24  Probe, Stalker  
  33  3:36  Probe  
  34  3:49  Robotics Facility  
  34  3:57  Probe  
  35  4:07  Pylon  
  35  4:13  Stalker  
  35  4:14  Stalker  
  39  4:22  Probe  
  40  4:27  Forge  
  40  4:30  Pylon  
  40  4:34  Probe  
  33  5:02  Stalker x2  
  35  5:15  Probe  
  34  5:27  Probe  
  35  5:39  Nexus, Stalker  
  35  5:40  Stalker  
  35  5:41  Probe  
  35  5:42  Protoss Ground Weapons Level 1 (Chrono Boost)  
  40  5:44  Observer  
  41  5:57  Gateway  
  41  5:58  Probe  
  41  5:59  Gateway  
  42  6:05  Observer  
  42  6:10  Probe  
  44  6:17  Stalker x2  
  48  6:22  Probe  
  48  6:34  Probe  
  49  6:47  Probe, Stalker  
  50  6:48  Stalker  
  54  7:00  Pylon  
  54  7:03  Photon Cannon  
  54  7:05  Pylon  
  54  7:25  Stalker x3  
  54  7:26  Probe x2, Stalker  
  64  7:36  Assimilator  
  64  7:40  Assimilator  
  64  7:57  Pylon  
  53  8:32  Zealot x4  
Show
View Real Time Build Order
Export as new Build Order

Jibril Protoss - Winner!

Build Orders: 1 Gate Expand 

Get SALT Encoding   

  12  0:01  Probe (Chrono Boost)  
  13  0:11  Probe (Chrono Boost)  
  14  0:26  Pylon  
  14  0:27  Probe (Chrono Boost)  
  15  0:44  Probe (Chrono Boost)  
  15  0:45  Gateway  
  16  0:51  Assimilator  
  16  0:55  Probe (Chrono Boost)  
  17  1:05  Probe (Chrono Boost)  
  18  1:31  Pylon, Probe (Chrono Boost), Nexus  
  19  1:44  Cybernetics Core  
  19  1:48  Probe (Chrono Boost)  
  20  1:59  Probe (Chrono Boost)  
  20  2:01  Assimilator  
  20  2:25  Probe (Chrono Boost), Robotics Facility  
  20  2:29  Warp Gate (Chrono Boost)  
  21  2:36  Probe  
  22  2:43  Probe  
  22  2:44  Gateway  
  23  2:52  Stalker  
  25  2:58  Probe  
  25  3:00  Probe  
  27  3:08  Mothership Core  
  29  3:17  Immortal  
  33  3:24  Probe  
  34  3:28  Probe  
  35  3:36  Probe  
  35  3:37  Pylon  
  35  3:40  Stalker  
  38  3:50  Pylon  
  38  3:54  Probe  
  38  3:55  Probe  
  40  4:05  Stalker  
  40  4:09  Warp Prism  
  44  4:10  Probe  
  44  4:11  Probe  
  46  4:20  Probe  
  46  4:23  Probe  
  48  4:31  Probe  
  49  4:42  Gateway  
  49  4:44  Gateway  
  53  4:45  Immortal  
  53  4:58  Stalker x2  
  51  5:31  Immortal  
  53  5:36  Probe  
  53  5:42  Pylon  
  54  5:57  Pylon  
  54  5:58  Probe  
  54  6:00  Probe  
  56  6:09  Probe, Assimilator  
  57  6:12  Probe  
  57  6:13  Assimilator  
  57  6:15  Pylon  
  57  6:18  Immortal  
  62  6:20  Probe  
  62  6:21  Stalker  
  62  6:22  Stalker x2  
  69  6:31  Probe  
  69  6:33  Probe  
  71  6:48  Twilight Council  
  71  6:56  Stalker x3  
  71  7:00  Probe  
  78  7:20  Nexus  
  78  7:22  Pylon  
  78  7:25  Pylon  
  78  7:38  Probe  
  79  7:44  Immortal  
  79  7:46  Forge  
  79  7:47  Probe  
  79  7:48  Forge  
  79  7:49  Probe  
  85  7:57  Stalker x2  
  85  7:58  Stalker x2  
  93  8:05  Pylon  
  91  8:20  Pylon  
  91  8:31  Stalker x2  
  91  8:32  Stalker x2  
Tags
 
Add a new tag
Caveats
  • Supply blocks, unpowered buildings, or Contaminate may cause inaccurate times.
  • Supply counts are checked every 10 seconds.